 Dungeon Crawl Stone Soup version 0.32-a0-953-g508020473e (webtiles) character file.

Game seed: 16241256123144917419

509 Fodor the Chopper (level 6, 0/55 HPs)
             Began as a Minotaur Fighter on Apr 16, 2024.
             Slain by a crocodile zombie (4 damage)
             ... in an ossuary.
             The game lasted 00:04:59 (1770 turns).

Fodor the Chopper (Minotaur Fighter)                Turns: 1770, Time: 00:05:00

Health: 0/55       AC:  7    Str: 22    XL:     6   Next: 98%
Magic:  5/5        EV:  9    Int:  5    God:
Gold:   116        SH:  4    Dex: 10    Spells: 5/5 levels left

rFire   . . .        a - +0 war axe
rCold   . . .        c - +0 buckler
rNeg    . . .        b - +0 scale mail
rPois   .            (helmet restricted)
rElec   .            (no cloak)
rCorr   .            (no gloves)
SInv    .            (no boots)
Will    .....        (no amulet) Stlth
                     (no ring)
HPRegen 0.29/turn    (no ring)
MPRegen 0.09/turn

%: no passive effects
@: no status effects
A: horns 2, retaliatory headbutt
a: no special abilities


You were in an ossuary.
You visited 1 branch of the dungeon, and saw 3 of its levels.
You also visited: Ossuary.

You collected 116 gold pieces.

Inventory:

Hand Weapons
 a - a +0 war axe (weapon)
Armour
 b - a +0 scale mail (worn)
 c - a +0 buckler (worn)
Wands
 k - a wand of roots (12)
Scrolls
 e - a scroll of revelation {unknown}
 f - 4 scrolls of identify {unknown}
 j - a scroll of vulnerability {unknown}
Potions
 d - a potion of might
 g - 2 potions of mutation {unknown}
 h - a potion of attraction {unknown}
 i - 3 potions of curing {unknown}
 l - a potion of magic {unknown}


   Skills:
 + Level 4.8 Fighting
 + Level 6.2 Axes
 + Level 5.9 Armour
 + Level 1.5 Dodging
 + Level 4.5 Shields


You had 5 spell levels left.
You didn't know any spells.
Your spell library was empty.

Dungeon Overview and Level Annotations

Branches:
Dungeon (4/15)            Ossuary (1/1)
 Temple: D:4-7

Altars:


Innate Abilities, Weirdness & Mutations

You have a pair of horns on your head.
You reflexively headbutt those who attack you in melee.


Message History

The centaur zombie completely misses you.
You slash the centaur zombie!
You destroy the centaur zombie!
You start resting.
HP restored.
You open the huge gate.
Found seven items.
A crocodile zombie and 2 mummies come into view.
There is a huge open gate here.
There is a huge open gate here.
Found a gate leading back out of this place.
You hit the mummy.
The mummy is lightly damaged.
You hit the mummy. The mummy completely misses you.
You barely miss the mummy.
The mummy is lightly damaged.
You hit the mummy. You hit the crocodile zombie. The mummy barely misses you.
You hit the mummy.
The mummy is heavily damaged.
You slash the crocodile zombie! You closely miss the mummy.
The crocodile zombie bites you. The mummy barely misses you.
The crocodile zombie bites you.
You closely miss the mummy.
The mummy is heavily damaged.
You slash the crocodile zombie! You hit the mummy. The mummy hits you!
You block the mummy's attack. The crocodile zombie bites you!
You barely miss the mummy.
The mummy is heavily damaged.
You hit the mummy. You hit the crocodile zombie. The mummy barely misses you.
The mummy hits you!
* * * LOW HITPOINT WARNING * * *
You slash the mummy!
The mummy is almost destroyed.
You hit the crocodile zombie but do no damage.
You hit the mummy but do no damage. The crocodile zombie bites you.
* * * LOW HITPOINT WARNING * * *
The mummy hits you.
* * * LOW HITPOINT WARNING * * *
The crocodile zombie bites you.
You die...

##.....##
#.......#
##.....##
#..^..^.#
###...###
#'''''#
##^^^^.##
#?.....?#
#!....@?#
#!...MMZ#
#?.....!#
##.....##
##...##
##∩# ##


You could see 2 mummies and a crocodile zombie.

Vanquished Creatures
  Sigmund (D:2)
  2 centaur zombies (Ossuary)
  A bombardier beetle (D:4)
  A hound (D:4)
  An iguana (D:4)
  2 crocodile zombies (Ossuary)
  2 mummies
  A gnoll (D:1)
  8 adders
  3 dart slugs
  5 ball pythons (D:1)
  6 endoplasms
  3 giant cockroaches
  5 goblins
  7 hobgoblins
  2 jackals (D:1)
  2 bats
  A frilled lizard (D:1)
  2 gnoll zombies (Ossuary)
  7 kobolds
  2 kobold zombies (Ossuary)
  4 rats
68 creatures vanquished.

Notes
Turn   | Place    | Note
-------+----------+-------------------------------------------
     0 | D:1      | Fodor the Minotaur Fighter began the quest for the Orb.
     0 | D:1      | Reached XP level 1. HP: 19/19 MP: 0/0
    39 | D:1      | Reached XP level 2. HP: 17/27 MP: 1/1
   305 | D:1      | Reached XP level 3. HP: 33/33 MP: 2/2
   694 | D:1      | Reached skill level 3 in Axes
   900 | D:2      | Noticed Sigmund
   912 | D:2      | Killed Sigmund
   913 | D:2      | Reached skill level 4 in Axes
   913 | D:2      | Reached skill level 5 in Armour
   913 | D:2      | Reached skill level 1 in Dodging
   913 | D:2      | Reached XP level 4. HP: 21/41 MP: 3/3
   913 | D:2      | Reached XP level 5. HP: 24/47 MP: 4/4
  1125 | D:2      | Identified the +2 leather armour of a sewer {Will+++ Int+5}
  1313 | D:2      | Reached XP level 6. HP: 53/53 MP: 5/5
  1314 | D:2      | Reached skill level 5 in Axes
  1415 | D:2      | You fall into a shaft and drop 2 floors!
  1520 | D:4      | Found a sand-covered staircase.
  1527 | Ossuary  | Entered an ossuary
  1673 | Ossuary  | Reached skill level 6 in Axes
  1770 | Ossuary  | Slain by a crocodile zombie

Illustrated notes

Levels and vault maps discovered:
D:1:      saegor_arrival_simple_e, layout_loops_corners, chequers_garden,
          minmay_tetromino_i4
D:2:      layout_loops_ring, serial_co_window_serial,
          co_window_of_opportunity_a, co_window_paths_b,
          co_window_of_opportunity_a, co_window_paths_a,
          co_window_of_opportunity_a, co_window_corner_a, co_window_corner_cb,
          co_window_unsneaky_path_d, co_window_cross_4, co_window_2corner,
          co_window_cross_4, glass_columns_a, glass_columns_a, glass_columns_a,
          serial_shops, nicolae_shop_tiny_real_fake_doors, uniq_sigmund
D:4:      layout_cave_pools, nicolae_ossuary_entry_giza
Ossuary:  ossuary_the_hunt_dpeg

Skill      XL: |  1  2  3  4  5  6 |
---------------+-------------------+-----
Armour         | 4 5 |  5.9
Fighting       | 4 |  4.8
Shields        | 4 |  4.5
Axes           | 4 6 |  6.2
Dodging        | 1 |  1.5

Action                     |  1- 3 |  4- 6 || total
---------------------------+-------+-------++-------
  Melee: War axe           |    74 |    79 ||   153
         Headbutt          |    14 |    18 ||    32
 Armour: Scale mail        |    55 |    79 ||   134
  Dodge: Dodged            |    39 |    49 ||    88
  Block: Buckler           |    18 |    20 ||    38

Table legend: (Time is in decaauts)
 A = Elapsed time spent in this place.
 B = Non-inter-level travel time spent in this place.
 C = Inter-level travel time spent in this place.
 D = Time resting spent in this place.
 E = Time spent auto-exploring this place.
 F = Levels seen in this place.
 G = Mean time per level.
                   A        B        C        D        E       F      G
               +--------+--------+--------+--------+--------+-----+--------+
         Total |   1821 |   1821 |      0 |    217 |    966 |   4 |  455.2 |
       Dungeon |   1571 |   1571 |      0 |     37 |    966 |   3 |  523.7 |
       Ossuary |    249 |    249 |      0 |    180 |      0 |   1 |  249.0 |
               +--------+--------+--------+--------+--------+-----+--------+

Top non-repeatable levels by time:
     D:1: 927 daAuts
     D:2: 525 daAuts
 Ossuary: 249 daAuts
     D:4: 118 daAuts
